[Event "*** Titled Tuesday Blitz"]
[Site "Chess.com"]
[Date "2020.12.01"]
[Round "5"]
[White "Konavets"]
[Black "Chesswizard_2007"]
[Result "1/2-1/2"]
[WhiteElo "3004"]
[BlackElo "2695"]
[TimeControl "180+1"]
[EndTime "10:54:50 PST"]
[Termination "Game drawn by repetition"]

1. e4 e5 2. Nf3 Nc6 3. d4 exd4 4.
Nxd4 Bc5 5. Nb3 Bb6 6. Nc3 Nf6 7. Qe2 d6 8. Be3 Be6 9. O-O-O Qe7 10. Kb1 O-O-O 11. f3 Rhe8 12. Bxb6 axb6 13. Qf2 Kb8 14. Bb5 Bd7 15. Rhe1 Ne5 16. a4 g5 17. a5 bxa5 18. Nxa5 Bxb5 19. Nxb5 b6 20. Nb3 Kb7 21. h4 h6 22. hxg5 hxg5 23. N3d4 Ra8 24. b3 Red8 25. c4 Ra5 26. Nf5 Qe6 27. Qb2 Rda8 28. Re2 Ne8 29. Red2 Nxc4 30. bxc4 Qxc4 31. Nfd4 c5 32. Rc2 Ra1+ 33.
Qxa1 Rxa1+ 34. Kxa1 Qa4+ 35. Kb1 cxd4 36. Nxd4 Nc7 37. Rd3 Nb5 38. Rcd2 Na3+ 39. Ka1 Nc4+ 40. Ra2 Qb4 41. Ra7+ Kc8 42. Ra8+ Kd7 43. Ra7+ Ke8 44. Ra8+ Kd7 45. Ra7+ Kc8 46. Ra8+ Kd7 1/2-1/2

[Event "*** Titled Tuesday Blitz"]
[Site "Chess.com"]
[Date "2020.12.01"]
[Round "5"]
[White "HanSchut"]
[Black "MaxLeto"]
[Result "0-1"]
[WhiteElo "2202"]
[BlackElo "2375"]
[TimeControl "180+1"]
[EndTime "10:54:50 PST"]
[Termination "MaxLeto won by checkmate"]

1. e4 c5 2. Nf3 d6 3. d4 cxd4 4. Nxd4 Nf6 5. f3 a6 6. c4 e6 7. Nc3 Be7 8. Be3 b6 9. Qd2 Bb7 10. Rc1 O-O 11. Be2 Nbd7 12. O-O Rc8 13. Rfd1 Qc7 14. b3 Qb8 15. Bf1 Bd8 16. Kh1 Bc7 17. Qf2 Kh8 18. Qg1 Rg8 19. b4 g5 20. g4 Rg6 21.
Nb3 Ne5 22. Kg2 Nexg4 23. Bxb6 Ne5 24. Ba7 Qa8 25. Bd4 Nh5 26. Kf2 Nf4 27. Ke1 Bb8 28. Bxe5+ dxe5 29. c5 Bc6 30. Na5 Bb5 31. Nxb5 axb5 32.
Bxb5 Bc7 33. Nc6 Qxa2 34. Rd2 Qa3 35. Ne7 Qxc1+ 36. Rd1 Qc3+ 37. Rd2 Rd8 38. Nxg6+ fxg6 39. Qf2 Qc1+ 40. Rd1 Qxd1# 0-1

[Event "*** Titled Tuesday Blitz"]
[Site "Chess.com"]
[Date "2020.12.01"]
[Round "5"]
[White "Agibileg"]
[Black "CakeinSpace2002"]
[Result "1-0"]
[WhiteElo "2539"]
[BlackElo "2374"]
[TimeControl "180+1"]
[EndTime "10:54:51 PST"]
[Termination "Agibileg won by resignation"]

1. d4 Nf6 2. c4 g6 3. Nc3 Bg7 4. e4 d6 5. Be2 O-O 6. Nf3 c5 7. d5 e5 8. O-O Ne8 9. Ne1 f5 10. f3 f4 11. Nd3 g5 12. a3 Nd7 13. b4 b6 14. bxc5 Nxc5 15. Nxc5 bxc5 16. Qa4 h5 17. Bd2 g4 18. Be1 Bd7 19. Qa6 Qg5 20. Nb5 g3 21. h3 Qh4 22. Ra2 Bxh3 23. gxh3 Qxh3 24. Bd3 Qd7 25. Qc6 Qd8 26. Ba5 Qxa5 27. Qxa8 a6 28. Rc1 Nf6 29. Qa7 Rf7 30. Qb8+ Rf8 31.
Qc7 Qa4 32. Nxd6 Qb3 33. Rd2 Qxa3 34. Rcd1 Qc3 35. Nf5 Rf7 36. Qc8+ Kh7 37. Rc2 Qb3 38. Qe6 Qb7 39. Nd6 Qc8 40. Qxc8 1-0

[Event "*** Titled Tuesday Blitz"]
[Site "Chess.com"]
[Date "2020.12.01"]
[Round "5"]
[White "FMalexhdez"]
[Black "GM_LOADING"]
[Result "1-0"]
[WhiteElo "2304"]
[BlackElo "2462"]
[TimeControl "180+1"]
[EndTime "10:54:52 PST"]
[Termination "FMalexhdez won by resignation"]

1. e4 e5 2. Nf3 Nc6 3. Bc4 Nf6 4. d3 h6 5. O-O d6 6. c3 g6 7. Re1 Bg7 8. d4 Qe7 9. Nbd2 O-O 10. Nf1 Bg4 11.
d5 Nb8 12. h3 Bc8 13. Ng3 Nbd7 14. Be3 Kh7 15. b4 a5 16. a3 Nb6 17. Bd3 Nbd7 18.
Qc2 c6 19. c4 cxd5 20. cxd5 Re8 21. Rec1 Nf8 22. Bb6 a4 23. Bb5 Bd7 24. Qd3 Bxb5 25.
Qxb5 N8d7 26. Rc7 Rec8 27. Rac1 Qe8 28. Be3 b6 29. Nd2 h5 30. Qc6 Rxc7 31. Qxc7 h4 32. Ne2 Bf8 33. Bxb6 Bh6 34. Be3 Bxe3 35. fxe3 Qf8 36.
Rc6 Qh6 37. Nf1 g5 38. Rxd6 g4 39. Rxd7 Nxd7 40. Qxd7 1-0

[Event "*** Titled Tuesday Blitz"]
[Site "Chess.com"]
[Date "2020.12.01"]
[Round "5"]
[White "Parhamov"]
[Black "dretch"]
[Result "1-0"]
[WhiteElo "2928"]
[BlackElo "2833"]
[TimeControl "180+1"]
[EndTime "10:54:53 PST"]
[Termination "Parhamov won by resignation"]

1. e4 e6 2. d4 d5 3. e5 c5 4. c3 Nc6 5. Nf3 Bd7 6. Be2 Nge7 7. O-O Nf5 8. dxc5 Bxc5 9. Bd3 Nh4 10. Nbd2 Ng6 11. Nb3 Bb6 12. Re1 Qc7 13. Qe2 O-O-O 14. Nbd4 a6 15. h4 h6 16. a4 Kb8 17. b4 Bxd4 18.
cxd4 Nxb4 19. h5 Ne7 20. Ba3 a5 21. Reb1 Nec6 22. Bb5 Rc8 23. Rb2 f5 24. Rab1 Ka8 25. Bxc6 Qxc6 26. Bxb4 axb4 27. Rxb4 Rc7 28. Ne1 Qa6 29.
Qxa6+ bxa6 30. Nd3 a5 31. Rb6 Bc8 32. Nc5 Re8 33. Rb8+ Ka7 34. R8b5 Ka8 35. Rxa5+ Ra7 36. Rxa7+ Kxa7 37. a5 Re7 38. Rb6 Ka8 39. Kh2 Ra7 40. Nxe6 Rxa5 41. Nxg7 Ra4 42. e6 Ra7 43. Nxf5 Bxe6 44.
Rxe6 1-0

[Event "*** Titled Tuesday Blitz"]
[Site "Chess.com"]
[Date "2020.12.01"]
[Round "5"]
[White "fish7728"]
[Black "BanjoKazooieN64"]
[Result "1-0"]
[WhiteElo "2157"]
[BlackElo "2376"]
[TimeControl "180+1"]
[EndTime "10:54:53 PST"]
[Termination "fish7728 won by checkmate"]

1. d4 Nf6 2. c4 g6 3. Nc3 Bg7 4. e4 d6 5. f3 O-O 6. Be3 e5 7. Nge2 Re8 8. Qd2 Nc6 9. d5 Na5 10. Nc1 c5 11. Be2 a6 12. O-O Rb8 13. a4 Bd7 14.
Bg5 Qb6 15. f4 exf4 16. Rxf4 Nh5 17. Bxh5 gxh5 18. Qe2 Qb4 19. Qxh5 Rf8 20. Rh4 Rfe8 21. Qxh7+ Kf8 22. Bh6 Bxh6 23. Qxh6+ Ke7 24. Qg5+ f6 25. Rh7+ Kd8 26. Qg7 Kc7 27. Qxd7+ Kb6 28. Qxd6+ Ka7 29. N1e2 Nxc4 30. Qxf6 Qxb2 31. Rb1 Qd2 32. Qf7 Nb2 33. Nb5+ axb5 34. axb5 Na4 35. Ra1 Qb4 36. Qc7 Rf8 37. Nc3 Qd4+ 38. Kh1 Ka8 39. Qa5# 1-0

[Event "*** Titled Tuesday Blitz"]
[Site "Chess.com"]
[Date "2020.12.01"]
[Round "5"]
[White "Vesper2018"]
[Black "Gogolev_Artemy"]
[Result "1-0"]
[WhiteElo "2648"]
[BlackElo "2421"]
[TimeControl "180+1"]
[EndTime "10:54:55 PST"]
[Termination "Vesper2018 won on time"]

1. e4 c5 2. Nc3 Nc6 3. Bb5 g6 4. Bxc6 dxc6 5. d3 Bg7 6. f4 Nf6 7. Nf3 O-O 8. O-O Ne8 9. Be3 b6 10. Qe2 Nc7 11. Qf2 Ne6 12. Rad1 Nd4 13. Bxd4 cxd4 14.
Ne2 c5 15. c3 dxc3 16. bxc3 Bb7 17. Ne5 Qc7 18. Qg3 Rad8 19. h4 Rd6 20. h5 Re6 21. Nf3 c4 22. Ned4 Rd6 23. e5 Rdd8 24. hxg6 hxg6 25. Ng5 e6 26. Qh3 Rfe8 27. Qh7+ Kf8 28. dxc4 Qxc4 29. Kh2 Qxa2 30. Qh3 Bd5 31. Ra1 Qc4 32.
Rfd1 Qc7 33. Qh7 Qxc3 34. Rxa7 Re7 35. Ndxe6+ fxe6 36.
Nxe6+ Bxe6 37. Rxd8+ 1-0

[Event "*** Titled Tuesday Blitz"]
[Site "Chess.com"]
[Date "2020.12.01"]
[Round "5"]
[White "queen_iryna"]
[Black "WPWPWP-2015"]
[Result "0-1"]
[WhiteElo "2314"]
[BlackElo "2492"]
[TimeControl "180+1"]
[EndTime "10:54:56 PST"]
[Termination "WPWPWP-2015 won by resignation"]

1. e4 e5 2. Nf3 Nf6 3. d3 Nc6 4. Be2 Be7 5. O-O O-O 6. c3 d5 7. Nbd2 h6 8. b4 a6 9. Bb2 Be6 10. Re1 Re8 11. h3 Qd7 12. Bf1 dxe4 13. dxe4 Rad8 14.
Qc2 Nh5 15. Nc4 Bf6 16. Rad1 Qc8 17. Ne3 Nf4 18. Kh2 g6 19. g3 Nxh3 20. Bxh3 Bxh3 21. Rxd8 Bxd8 22. a4 h5 23. b5 axb5 24. axb5 Na5 25. c4 Bf6 26. Nd5 Bg7 27. Nxe5 c6 28. Nf4 Bxe5 29.
Bxe5 Rxe5 30. Nxh3 cxb5 31. Qc3 Nxc4 32. Nf4 h4 33.
gxh4 Qg4 34. Ng2 g5 35. f3 Qh5 36. Rd1 gxh4 37. Rd8+ Kh7 38. Qd3 h3 39. Nf4 Qg5 40.
Qd7 Qxf4+ 41. Kxh3 Qxf3+ 42. Kh2 Rh5+ 0-1

[Event "*** Titled Tuesday Blitz"]
[Site "Chess.com"]
[Date "2020.12.01"]
[Round "5"]
[White "tylityli"]
[Black "MoreChessJulia"]
[Result "1-0"]
[WhiteElo "2321"]
[BlackElo "2103"]
[TimeControl "180+1"]
[EndTime "10:54:56 PST"]
[Termination "tylityli won on time"]

1. d4 g6 2. e4 Bg7 3. c4 c5 4.
d5 d6 5. Bd3 Na6 6. a3 Nc7 7.
h4 h5 8. Nc3 a6 9. Nge2 Bd7 10.
Bg5 Nf6 11. O-O O-O 12. Qd2 Ng4 13. f3 Ne5 14. Rad1 b5 15. b3 Rb8 16. Rb1 Nxd3 17. Qxd3 b4 18. axb4 cxb4 19. Nd1 a5 20. Be3 Na6 21.
Bd4 Nc5 22. Qd2 Qb6 23. Kh1 a4 24. Bxg7 Kxg7 25. Qd4+ f6 26. Nc1 a3 27. Na2 e5 28. dxe6 Nxe6 29. Qd2 g5 30. Ne3 Nf4 31. Nd5 Nxd5 32. Qxd5 gxh4 33. Qxh5 Rh8 34. Qd5 h3 35. g4 Rbg8 36. Kh2 Qe3 37. Rbe1 Qf4+ 38. Kh1 Kf8 39. Nxb4 h2 40. Nd3 Qg3 41. c5 1-0

[Event "*** Titled Tuesday Blitz"]
[Site "Chess.com"]
[Date "2020.12.01"]
[Round "5"]
[White "Berardino"]
[Black "GM_dmitrij"]
[Result "0-1"]
[WhiteElo "2636"]
[BlackElo "2950"]
[TimeControl "180+1"]
[EndTime "10:54:57 PST"]
[Termination "GM_dmitrij won by resignation"]

1. e4 c6 2. d4 d5 3. exd5 cxd5 4. c4 Nf6 5. Nc3 Nc6 6. Bg5 Be6 7. Be2 Qa5 8. Bf3 dxc4 9. d5 Rd8 10. Bd2 Nxd5 11.
Nxd5 Rxd5 12. Bxa5 Rxd1+ 13. Rxd1 Nxa5 14. Ne2 g6 15. Nf4 Bd7 16. Nd5 Bg7 17. Nc3 e6 18. O-O Ke7 19. Rd2 Rc8 20. Rfd1 Be8 21. Ne4 Rc7 22.
g3 Ba4 23. Re1 Bc6 24. Kg2 b5 25. Nc3 a6 26. Bxc6 Rxc6 27. Red1 Rc7 28. a3 Nb7 29. h4 Nc5 30. Rd6 Ra7 31. Rb6 Bxc3 32. bxc3 Na4 33. Rc6 Nxc3 34. Rdd6 a5 35. f3 Nd5 36.
Kf2 c3 37. Ke2 b4 38. axb4 axb4 39. Ra6 Rb7 40. Kd3 b3 0-1

[Event "*** Titled Tuesday Blitz"]
[Site "Chess.com"]
[Date "2020.12.01"]
[Round "5"]
[White "Iskusnyh"]
[Black "Rital44"]
[Result "1/2-1/2"]
[WhiteElo "2617"]
[BlackElo "2457"]
[TimeControl "180+1"]
[EndTime "10:54:57 PST"]
[Termination "Game drawn by repetition"]

1. d4 Nf6 2. c4 g6 3. g3 Bg7 4.
Bg2 O-O 5. Nc3 d6 6. Nf3 Nc6 7.
O-O e5 8. dxe5 Nxe5 9. b3 Nxf3+ 10. Bxf3 Ne4 11. Nxe4 Bxa1 12. Bg5 f6 13. Bh6 Be5 14. Bxf8 Qxf8 15. Qd2 f5 16. Ng5 c6 17. Bg2 Qf6 18. Rd1 Bc3 19. Qd3 a5 20. h4 Bb4 21. e3 h6 22. Nf3 Be6 23. Nd4 Bf7 24. h5 a4 25.
hxg6 Bxg6 26. Qe2 axb3 27. axb3 Bc5 28. Bf3 Kh8 29. Kg2 f4 30. gxf4 Rg8 31. Kf1 Qh4 32. Qb2 Kh7 33. Ke2 Re8 34. b4 Bb6 35. c5 Bc7 36. cxd6 Bxd6 37. Nxc6 Qxf4 38. Qd4 Qxf3+ 39. Kxf3 Bh5+ 40. Kg2 Rg8+ 41. Kf1 Bh2 42. Qe4+ Kh8 43. Qd4+ Kh7 44. Qd7+ Kh8 45. Qd4+ Kh7 1/2-1/2

[Event "*** Titled Tuesday Blitz"]
[Site "Chess.com"]
[Date "2020.12.01"]
[Round "5"]
[White "AquivaRubinstein"]
[Black "Grammnik"]
[Result "0-1"]
[WhiteElo "2482"]
[BlackElo "2353"]
[TimeControl "180+1"]
[EndTime "10:54:59 PST"]
[Termination "Grammnik won by resignation"]

1. e4 e6 2. d4 d5 3. Nc3 Nf6 4.
e5 Nfd7 5. f4 c5 6. Nf3 Nc6 7.
Be3 Rb8 8. Qd2 Qa5 9. Be2 b5 10.
O-O b4 11. Nd1 Ba6 12. Nf2 Be7 13. Kh1 O-O 14. g4 f6 15. c3 bxc3 16. bxc3 Bxe2 17. Qxe2 Qb5 18. Qc2 fxe5 19. Nxe5 Ndxe5 20. fxe5 Rf3 21. Rfb1 Qc4 22. Rxb8+ Nxb8 23. Rb1 Nc6 24. Qd2 Bh4 25. Kg2 Rf7 26. Nh3 h6 27. Nf4 Bg5 28. Nxe6 Bxe3 29. Qxe3 Qxa2+ 30. Kh3 Qxb1 31. Nf4 Qf1+ 32. Kg3 g5 33.
Nxd5 cxd4 34. cxd4 Nxd4 35. Nf6+ Rxf6 36. exf6 Qxf6 37.
Qe8+ Kg7 38. Qd7+ Kg6 39. Qe8+ Kg7 40. Qd7+ Kf8 41. Qc8+ Ke7 42. Qc7+ Ke6 43. Qc8+ Ke5 44.
Qc5+ Ke4 45. Qa3 Qf3+ 46. Qxf3+ Nxf3 47. h3 a5 48. Kf2 a4 49. Ke2 a3 0-1

[Event "*** Titled Tuesday Blitz"]
[Site "Chess.com"]
[Date "2020.12.01"]
[Round "5"]
[White "XDPS"]
[Black "LuckSlayeer"]
[Result "0-1"]
[WhiteElo "2767"]
[BlackElo "2594"]
[TimeControl "180+1"]
[EndTime "10:55:00 PST"]
[Termination "LuckSlayeer won on time"]

1. e4 c6 2. Nf3 d5 3. Nc3 dxe4 4. Nxe4 Nf6 5. Qe2 Nxe4 6. Qxe4 Nd7 7. Bc4 Nf6 8. Ne5 e6 9. Qe2 Be7 10. O-O O-O 11. c3 c5 12. Rd1 Qc7 13. d4 b6 14.
Bf4 Qb7 15. dxc5 bxc5 16. Bb5 Rb8 17. Nc6 Qxb5 18. Nxe7+ Kh8 19. Qe5 Ra8 20. Bh6 Ne8 21.
Rd8 f6 22. Qh5 Bb7 23. Rxa8 Bxa8 24. Be3 Qxb2 25. Rd1 Qb7 26. Ng6+ Kg8 27. Nh4 g6 28. Qxc5 g5 29. Nf3 Ng7 30. Qxa7 Qe4 31. Qd4 Qc6 32. Ne1 Nf5 33. Qd3 Rb8 34. Bd4 e5 35. Qxf5 exd4 36.
cxd4 Re8 37. Qd3 Rxe1+ 0-1

[Event "*** Titled Tuesday Blitz"]
[Site "Chess.com"]
[Date "2020.12.01"]
[Round "5"]
[White "TC2304"]
[Black "annacramling"]
[Result "1-0"]
[WhiteElo "2332"]
[BlackElo "2120"]
[TimeControl "180+1"]
[EndTime "10:55:00 PST"]
[Termination "TC2304 won by checkmate"]

1. d4 Nf6 2. Bg5 d5 3. Nd2 e6 4. e4 dxe4 5. Nxe4 Be7 6. Bxf6 Bxf6 7. Nf3 O-O 8. c3 Be7 9. Bd3 h6 10. Qe2 Nd7 11. O-O-O a6 12. h4 b5 13. g4 b4 14. g5 bxc3 15. Nxc3 Bb7 16. gxh6 g6 17. Rdg1 Kh8 18. h5 g5 19. Ne4 f6 20. Ned2 Bd5 21. Ne4 Bxa2 22. Nc3 Bb3 23. Qe4 Rf7 24. Bc2 Bxc2 25.
Kxc2 Nb6 26. Qxe6 Qe8 27. Re1 Rh7 28. d5 Rd8 29. Nd4 Rd6 30. Qe4 Nc4 31. Nf5 Ne5 32. f4 Rb6 33. fxe5 Bb4 34. exf6 Qf8 35. Ne7 Bxc3 36.
Ng6+ Kg8 37. f7+ Kxf7 38. Rhf1+ Bf6 39. Qe7+ Qxe7 40. Rxe7+ Kg8 41. Re8+ Kf7 42. Rf8# 1-0

[Event "*** Titled Tuesday Blitz"]
[Site "Chess.com"]
[Date "2020.12.01"]
[Round "5"]
[White "nitpicker"]
[Black "GMStefanova"]
[Result "0-1"]
[WhiteElo "2259"]
[BlackElo "2526"]
[TimeControl "180+1"]
[EndTime "10:55:02 PST"]
[Termination "GMStefanova won by resignation"]

1. d4 d5 2. c4 e6 3. Nf3 c6 4. Qc2 Nf6 5. g3 Nbd7 6. Bg2 Bb4+ 7. Nbd2 O-O 8. O-O Re8 9. Rd1 b6 10. b3 Bb7 11. Bb2 Rc8 12. Rac1 Bf8 13. e4 dxe4 14. Ng5 h6 15. Ngxe4 Qc7 16. c5 b5 17. b4 a5 18. a3 Ra8 19. f4 Nd5 20. Qb3 axb4 21. axb4 Ra4 22. Bc3 Rea8 23. Ra1 g6 24. Rxa4 Rxa4 25.
Ra1 Rxa1+ 26. Bxa1 Qb8 27. Bb2 Qa8 28. Qa3 Qa4 29.
Qxa4 bxa4 30. Ba3 f5 31. Nf2 Bg7 32. Nf3 Ba6 33. Bf1 Bxf1 34. Kxf1 Ne3+ 35. Ke2 Nc4 36.
Bc1 a3 37. b5 a2 38. bxc6 a1=Q 39. cxd7 Qa8 40. Ne5 Nxe5 41. dxe5 Bf8 42. Be3 Be7 43. Nd3 Bd8 44. Nb4 Qb7 45. c6 Qxb4 46. Kd3 Qb5+ 47. Kc2 Qxc6+ 48. Kd3 Qxd7+ 49. Ke2 Qd5 50.
Kf2 Qe4 51. Ke2 Kf7 52. Kd2 Ba5+ 0-1

[Event "*** Titled Tuesday Blitz"]
[Site "Chess.com"]
[Date "2020.12.01"]
[Round "5"]
[White "Buffy7"]
[Black "esapunov"]
[Result "1-0"]
[WhiteElo "2690"]
[BlackElo "2801"]
[TimeControl "180+1"]
[EndTime "10:55:03 PST"]
[Termination "Buffy7 won by resignation"]

1. c4 Nf6 2. Nc3 g6 3. g3 Bg7 4. Bg2 O-O 5. e3 d6 6. Nge2 e5 7. d3 Re8 8. O-O c6 9. b4 d5 10. Bb2 dxc4 11. dxc4 Qe7 12. c5 Rd8 13. Qc2 a5 14. a3 Na6 15. b5 Nxc5 16. bxc6 bxc6 17. Bxc6 Rb8 18. e4 Be6 19. a4 Rbc8 20. Nd5 Nxd5 21. exd5 Bxd5 22. Bxd5 Rxd5 23. Rac1 Rc7 24. Ba3 Qd7 25.
Nc3 Rd2 26. Qb1 Ne6 27. Ne4 Rd4 28. Qb8+ Qd8 29. Qxd8+ Rxd8 30. Rxc7 Nxc7 31. Rc1 Ne6 32. Kg2 h6 33. Nc5 Nxc5 34. Bxc5 Rd5 35. Be3 Bf8 36. Rc8 g5 37. g4 Kg7 38. Kf3 Bb4 39. Ke4 Rd7 40. Kxe5 Re7+ 41. Kd5 Re6 42. Bd4+ Kg6 43. Rg8+ Kh7 44. Rg7+ Kh8 45. Rxf7+ 1-0

[Event "*** Titled Tuesday Blitz"]
[Site "Chess.com"]
[Date "2020.12.01"]
[Round "5"]
[White "tvjosue"]
[Black "ozates"]
[Result "1-0"]
[WhiteElo "2573"]
[BlackElo "2391"]
[TimeControl "180+1"]
[EndTime "10:55:03 PST"]
[Termination "tvjosue won on time"]

1. e4 d6 2. d4 Nf6 3. Nc3 e5 4.
Nf3 exd4 5. Nxd4 Be7 6. Be2 O-O 7. O-O Nbd7 8. Re1 Nb6 9. a4 a5 10. Bf4 Re8 11. Bf1 Bf8 12. Qd2 Nfd7 13. Rad1 Ne5 14.
b3 h6 15. Ndb5 Bg4 16. Be2 Bxe2 17. Rxe2 Rc8 18. Be3 Nbd7 19. f3 Qf6 20. Nd5 Qg6 21. Kh1 c6 22. Nf4 Qf6 23. Nxd6 Bxd6 24. Qxd6 Qh4 25.
Red2 Nf6 26. Ne2 Re6 27. Qc5 Neg4 28. Bg1 Re5 29. Qc3 Rxe4 30. fxg4 Nxg4 31. Qg3 Qh5 32. h3 Nf6 33. Nc3 Re5 34. Rd8+ Rxd8 35. Rxd8+ Kh7 36. Qd3+ g6 37. Bd4 Re1+ 38. Kh2 Ng4+ 39. Kg3 Ne5 40. Qd2 Re4 41. Nxe4 1-0

[Event "*** Titled Tuesday Blitz"]
[Site "Chess.com"]
[Date "2020.12.01"]
[Round "5"]
[White "Forantes"]
[Black "MatyChess1"]
[Result "0-1"]
[WhiteElo "2384"]
[BlackElo "2558"]
[TimeControl "180+1"]
[EndTime "10:55:03 PST"]
[Termination "MatyChess1 won by resignation"]

1. Nf3 d5 2. g3 Nd7 3. Bg2 e5 4.
d3 Bc5 5. O-O Ngf6 6. b3 O-O 7. Bb2 Re8 8. Nbd2 c6 9. e4 a5 10. a4 b6 11. Re1 Bd6 12. exd5 cxd5 13. Nh4 Bb7 14. Qe2 Rc8 15. Rac1 Bb4 16. Nf5 g6 17. Nh6+ Kg7 18. c3 Kxh6 19. cxb4 axb4 20. Nc4 dxc4 21. Bxb7 Rc7 22. Rxc4 Rxb7 23. Rh4+ Kg7 24. f4 Kg8 25. fxe5 Nd5 26. Qd2 Nf8 27. Bd4 Nc3 28. Rf1 Rd7 29. Bxc3 bxc3 30. Qxc3 Rxd3 31. Qc4 Ne6 32.
Qc1 Rd4 33. Qh6 Rxh4 34. gxh4 Qd4+ 35. Kh1 Qe4+ 36. Kg1 Qxe5 37. Kh1 Qd5+ 38. Kg1 Qe5 39. Kh1 Qe2 40. Kg1 Qe4 41. Qg5 Nxg5 42. hxg5 Qg4+ 0-1

[Event "*** Titled Tuesday Blitz"]
[Site "Chess.com"]
[Date "2020.12.01"]
[Round "5"]
[White "IMTominho"]
[Black "Kovalchuk94"]
[Result "1-0"]
[WhiteElo "2757"]
[BlackElo "2558"]
[TimeControl "180+1"]
[EndTime "10:55:04 PST"]
[Termination "IMTominho won on time"]

1. d4 d5 2. c4 e6 3. Nf3 Nf6 4. Nc3 Be7 5. Bf4 O-O 6. e3 b6 7.
a3 Bb7 8. Rc1 c5 9. dxc5 Bxc5 10. Be2 dxc4 11. O-O Nc6 12. Bxc4 Qxd1 13. Rfxd1 Rfd8 14. Nb5 Ne4 15. Bd3 Nf6 16. h3 h6 17. Be2 Nd5 18. Bg3 a6 19. Nbd4 Nxd4 20. Nxd4 Rac8 21. Bf3 b5 22. Nb3 Bb6 23. Be5 Rxc1 24. Rxc1 Rc8 25.
Rxc8+ Bxc8 26. Bxd5 exd5 27. Bd4 Bc7 28. Kf1 f5 29.
Ke2 Kf7 30. Kd3 g5 31. Bc3 Bd6 32. Kd4 Ke6 33. Bb4 Be5+ 34. Kd3 Bxb2 35. Nc5+ Kf7 36. a4 bxa4 37. Nxa4 Be5 38. Nb6 Bb7 39. Nd7 Bc7 40.
Kd4 Bc6 41. Ne5+ Ke6 42. Nxc6 1-0

[Event "*** Titled Tuesday Blitz"]
[Site "Chess.com"]
[Date "2020.12.01"]
[Round "5"]
[White "Chessbard1972"]
[Black "redbaron8888"]
[Result "0-1"]
[WhiteElo "2381"]
[BlackElo "2556"]
[TimeControl "180+1"]
[EndTime "10:55:04 PST"]
[Termination "redbaron8888 won on time"]

1. e4 c5 2. Nc3 a6 3. a4 e6 4. f4 d5 5. Nf3 Nf6 6. e5 Nfd7 7. d4 Nc6 8. Be3 Qb6 9. Qd2 cxd4 10. Nxd4 Bc5 11. O-O-O O-O 12. Be2 f6 13. exf6 Nxf6 14. Bf3 Bd7 15. Rhe1 Rac8 16. Nb3 Bxe3 17. Qxe3 Qxe3+ 18. Rxe3 g6 19. g3 Kg7 20. Nc5 d4 21. Nxd7 Nxd7 22.
Bxc6 dxe3 23. Bxd7 Rc7 24. Bxe6 Re8 25. Bg4 h5 26.
Be2 Rec8 27. Rd3 b5 28. axb5 axb5 29. Bd1 b4 30. Nd5 e2 31. Bxe2 Rxc2+ 32. Kd1 Rc1+ 33. Kd2 R8c2+ 34. Ke3 Rxb2 35. f5 gxf5 36. Nf4 b3 37. Rd7+ Kf6 38. h4 Rbc2 39. Bxh5 Rc3+ 40. Nd3 b2 41.
Rf7+ Ke6 42. Rb7 b1=Q 43. Bf7+ Kf6 44. Rxb1 Rxb1 45. Kd4 Rxd3+ 46. Kxd3 Kxf7 47. Ke3 Kf6 0-1

[Event "*** Titled Tuesday Blitz"]
[Site "Chess.com"]
[Date "2020.12.01"]
[Round "5"]
[White "Marianov_Podstavnikov"]
[Black "Stormeman100100"]
[Result "1-0"]
[WhiteElo "2268"]
[BlackElo "2488"]
[TimeControl "180+1"]
[EndTime "10:55:08 PST"]
[Termination "Marianov_Podstavnikov won on time"]

1. e4 c5 2. Nf3 d6 3. Bb5+ Nd7 4. d4 cxd4 5. Qxd4 a6 6. Bxd7+ Bxd7 7. O-O e5 8. Qd3 h6 9. c4 Nf6 10. Nc3 Be7 11.
Rd1 Rc8 12. b3 Qa5 13. Bd2 Qc7 14. a4 O-O 15. Bc1 Be6 16. Ba3 Rfd8 17. Rac1 Qb6 18.
Rb1 Nd7 19. Nd5 Bxd5 20. Qxd5 Nc5 21. Bc1 Qc6 22. Nd2 Qxd5 23. cxd5 b5 24. axb5 axb5 25.
f3 Bg5 26. Nf1 Bxc1 27. Rdxc1 Nd3 28. Rxc8 Rxc8 29. Ne3 Rc3 30. Nf5 Rc2 31. g3 Nc1 32. Nxd6 Ne2+ 33. Kh1 Nd4 34. Rf1 b4 35. f4 exf4 36.
gxf4 Nxb3 37. e5 Nd4 38. f5 b3 39. e6 Re2 40. exf7+ Kf8 41. Rc1 Ke7 42. Rc8 1-0

[Event "*** Titled Tuesday Blitz"]
[Site "Chess.com"]
[Date "2020.12.01"]
[Round "5"]
[White "Logman74"]
[Black "Kavyev_Ruslan"]
[Result "1-0"]
[WhiteElo "2371"]
[BlackElo "2507"]
[TimeControl "180+1"]
[EndTime "10:55:09 PST"]
[Termination "Logman74 won by resignation"]

1. c4 Nf6 2. Nc3 e5 3. g3 Bb4 4. Bg2 O-O 5. Nf3 Nc6 6. O-O e4 7. Ne1 Re8 8. Nc2 Bxc3 9. dxc3 d6 10. Bg5 h6 11. Bxf6 Qxf6 12. Ne3 Qd8 13. Nd5 Bf5 14. b3 Ne5 15. Qd2 c6 16. Ne3 Bg6 17.
Rad1 Re6 18. Bh3 Rf6 19. Qd4 Qe7 20. Bg2 Rd8 21. Bxe4 Nxc4 22. Bxg6 Nxe3 23. Bxf7+ Rxf7 24. fxe3 Rxf1+ 25. Rxf1 d5 26. Rf4 a6 27. Kg2 Re8 28. Kf2 Qe6 29. b4 Qh3 30. Kg1 Qh5 31. Rf3 Qg6 32. Kg2 Qc2 33. Kf2 Re7 34. Qf4 Qe4 35. Qf8+ Kh7 36. Qf5+ Qxf5 37. Rxf5 Kg6 38. g4 Re4 39. Kf3 Rc4 40. h4 Rxc3 41. h5+ Kh7 42. Rf7 d4 43. Re7 dxe3 44. Rxe3 Rc4 45. a3 a5 46. bxa5 Ra4 47. Re5 Rxa3+ 48. Kf4 Kg8 49.
Re7 Ra4+ 50. e4 Rb4 51. Kf5 Kf8 52. Rc7 Rb5+ 53. e5 Rxa5 54. Rxb7 c5 55. Rc7 Rb5 56.
Ke6 Kg8 57. Kd7 Rb4 58. e6 Rxg4 59. e7 Rd4+ 60. Ke8 c4 61. Rd7 Re4 62. Rd8 g5 63. Kd7+ Kg7 64. e8=Q Rxe8 65. Rxe8 g4 66. Re4 g3 67. Rxc4 Kf6 68. Rg4 1-0

[Event "*** Titled Tuesday Blitz"]
[Site "Chess.com"]
[Date "2020.12.01"]
[Round "5"]
[White "ApacheSVD"]
[Black "stefy02"]
[Result "1-0"]
[WhiteElo "2426"]
[BlackElo "2245"]
[TimeControl "180+1"]
[EndTime "10:55:09 PST"]
[Termination "ApacheSVD won by resignation"]

1. e4 Nf6 2. Nc3 d5 3. exd5 Nxd5 4. Bc4 Nb6 5. Bb3 Nc6 6. Qf3 e6 7. Nge2 Bc5 8. O-O O-O 9. d3 a5 10. a3 e5 11. Be3 Nd4 12. Bxd4 exd4 13. Ne4 Be7 14. N2g3 c5 15. Rae1 Be6 16. Bxe6 fxe6 17. Qg4 Qd5 18. Nh5 Rf7 19. g3 Qf5 20. Qxf5 exf5 21.
Nd2 g5 22. Re6 Nd7 23. Rfe1 Bf8 24. Nf3 h6 25. h4 g4 26. Nd2 Bg7 27. Nc4 b5 28.
Nd6 Nf8 29. Re7 Rxe7 30. Rxe7 Bh8 31. Nxf5 Ng6 32. Nxh6+ Kf8 33. Rf7+ Ke8 34. Ng7+ Bxg7 35. Rxg7 Nf8 36. Nxg4 a4 37. h5 b4 38. h6 b3 39.
cxb3 axb3 40. Nf6+ Kd8 41. Rf7 Ng6 42. h7 Kc8 43.
Rg7 Rxa3 44. Rxg6 Ra1+ 45. Kg2 1-0

[Event "*** Titled Tuesday Blitz"]
[Site "Chess.com"]
[Date "2020.12.01"]
[Round "5"]
[White "Zhigalko_Sergei"]
[Black "RobPeresian"]
[Result "1-0"]
[WhiteElo "2862"]
[BlackElo "2438"]
[TimeControl "180+1"]
[EndTime "10:55:10 PST"]
[Termination "Zhigalko_Sergei won by resignation"]

1. e4 e5 2. Nf3 Nc6 3. Bc4 Bc5 4. b4 Bxb4 5. c3 Bd6 6. d4 Qe7 7. O-O b6 8. Re1 Bb7 9. Nbd2 Nf6 10. Bd3 O-O 11.
Nc4 Rfe8 12. Nh4 exd4 13. Nf5 Qf8 14. cxd4 Bb4 15. Re3 d5 16. Rg3 g6 17. Bh6 dxe4 18. Bxf8 Bxf8 19. Bc2 Rad8 20. Ba4 Kh8 21. Bxc6 Bxc6 22.
Nfe3 Nh5 23. d5 Nxg3 24. hxg3 f5 25. Qb3 Ba8 26. Rc1 Re7 27. Qa4 a5 28. d6 Rg7 29.
dxc7 Rxc7 30. Rd1 Rb8 31. Qb3 Bg7 32. Nd6 h6 33. Qe6 Kh7 34. Ne8 Rcb7 35. Rd7 Rxd7 36.
Qxd7 Rxe8 37. Qxe8 Bb7 38. a4 h5 39. Qd7 Ba6 40. Nd5 Bd3 41. Ne7 Bc4 42. Qc6 Bf7 43.
Qxb6 Bc3 44. Qc7 Kh6 45. Qxc3 1-0